 Dungeon Crawl Stone Soup version 0.22-a0-412-g2b68d144a4 (webtiles) character file.

6449 Kriby the Grappler (level 10, -15/100 HPs)
             Began as a Troll Monk on May 12, 2018.
             Was a Follower of Ru.
             Demolished by Kriby's ghost (18 damage)
             ... on level 9 of the Dungeon.
             The game lasted 00:06:52 (6774 turns).

Kriby the Grappler (Troll Monk)                     Turns: 6774, Time: 00:06:52

Health: -15/100    AC: 10    Str: 26 (29) XL:     10   Next: 67%
Magic:  9/9        EV:  8    Int:  6 (8)  God:    Ru [*.....]
Gold:   487        SH: 17    Dex: 10 (12) Spells: 9/9 levels left

rFire    . . .     SeeInvis .     - Unarmed
rCold    . . .     Gourm    +   d - +0 large shield
rNeg     . . .     Faith    .   z - +0 troll leather armour
rPois    .         Spirit   .   (helmet restricted)
rElec    .         Reflect  .   (no cloak)
rCorr    .         Harm     .   (gloves unavailable)
MR       .....                  (boots unavailable)
Stlth    ..........             (no amulet)
HPRegen  1.06/turn              c - +2 ring of intelligence
MPRegen  0.11/turn              o - +3 ring of protection

@: mighty, hasted, very quick
A: large, unfitting armour, claws 3, fast metabolism 3, gourmand, regeneration
1, shaggy fur 1, tough skin 2, no stealth, no fire magic, no summoning magic, no
transmutations magic
a: Renounce Religion


You were on level 9 of the Dungeon.
You worshipped Ru.
Ru was aware of your devotion.
You were very full.

You visited 2 branches of the dungeon, and saw 10 of its levels.

You collected 487 gold pieces.

Inventory:

Armour
 a - a +0 robe
 d - a +0 large shield (worn)
 z - a +0 troll leather armour (worn)
Jewellery
 c - a +2 ring of intelligence (left claw)
 m - an uncursed ring of stealth
 o - a +3 ring of protection (right claw)
 B - an uncursed ring of magical power {unknown}
Wands
 r - a wand of scattershot (1)
 x - a wand of flame (43)
 G - a wand of random effects (10)
Scrolls
 e - 9 scrolls of identify {unknown}
 f - 4 scrolls of teleportation {unknown}
 k - 8 scrolls of remove curse {unknown}
 l - 3 scrolls of fog {unknown}
 p - 3 scrolls of amnesia {unknown}
 t - a scroll of enchant weapon {unknown}
 v - a scroll of enchant armour {unknown}
 y - a scroll of fear {unknown}
 C - 2 scrolls of magic mapping {unknown}
 D - 2 scrolls of acquirement {unknown}
 F - a scroll of random uselessness {unknown}
Potions
 g - 2 potions of agility {unknown}
 h - 4 potions of curing {unknown}
 i - 3 potions of mutation {unknown}
 j - 3 potions of degeneration
 n - a potion of cancellation
 s - 2 potions of flight {unknown}
 u - a potion of resistance
 w - 2 potions of haste
 A - 2 potions of heal wounds {unknown}
 E - a potion of invisibility {unknown}
Comestibles
 b - 14 rations


   Skills:
 + Level 6.7 Fighting
 - Level 2.4 Dodging
 * Level 8.3 Shields
 * Level 11.0 Unarmed Combat


You had 9 spell levels left.
You didn't know any spells.
Your spell library contained the following spells:

 Spells                   Type           Power        Failure   Level  Hunger
 Apportation              Tloc           #.....       94%         1    ##.....
 Summon Small Mammal      Summ           #...         94%         1    ##.....
 Animate Skeleton         Necr           N/A          94%         1    ##.....
 Confusing Touch          Hex            #.....       94%         1    ##.....


Dungeon Overview and Level Annotations

Branches:
Dungeon (9/15)             Temple (1/1) D:5
   Lair: D:8-11         Orc: D:9-12

Altars:
Ashenzari
Cheibriados
Dithmenos
Elyvilon
Fedhas
Gozag
Hepliaklqana
Kikubaaqudgha
Makhleb
Nemelex Xobeh
Okawaru
Qazlal
Ru
Sif Muna
Trog
Uskayaw
Vehumet
Wu Jian
Xom
Yredelemnul
Zin
The Shining One

Annotations:
D:9 Kriby's ghost, novice TrMo


Innate Abilities, Weirdness & Mutations

You are too large for most types of armour.
You have claws for hands.
Your metabolism is lightning-fast.
You like to eat raw meat.
Your natural rate of healing is unusually fast.
You are covered in fur. (AC +1)
You have very tough skin. (AC +2)
You cannot be stealthy.
You cannot study or cast Fire magic.
You cannot study or cast Summoning magic.
You cannot study or cast Transmutations magic.


Message History

You closely miss Kriby's ghost.
Kriby's ghost is severely damaged.
Kriby's ghost hits you!!
* * * LOW HITPOINT WARNING * * *
You mangle Kriby's ghost!!
Kriby's ghost is almost destroyed.
Kriby's ghost screams, "You will never get the ORB!"
You block Kriby's ghost's attack.
You closely miss Kriby's ghost.
Kriby's ghost is almost destroyed.
Kriby's ghost hits you.
* * * LOW HITPOINT WARNING * * *
Unknown command.
It was a potion of degeneration.
There was something very wrong with that liquid.
You feel weakened.
You feel dopey.
You feel clumsy.
Kriby's ghost says very slowly, "There's no hope."
You block Kriby's ghost's attack.
It was a potion of haste.
You feel yourself speed up. Kriby's ghost hits you!!
You die...

#.# ... #.# ..
#.###.#
##....>###.
#%.!.W.....
#.##....#.. #.#
.##.# #W# .# #
#@##.# #....# ##
#.#####.. #.#
#.# # #.#
##.##.#
#.####...#.#
#.........#
######.###....#
#.............##


You could see Kriby's ghost.

Vanquished Creatures
  3 two-headed ogres
  The ghost of Perturabo the Cleaver, a novice FoFi of Okawaru (D:8)
  An ugly thing (D:7)
  The ghost of htuhola the Tainter, a novice OpVM (D:5)
  A troll (D:9)
  3 hippogriffs (D:8)
  An orc warrior (D:8)
  A sky beast (D:7)
  2 phantoms
  3 ogres
  3 centaurs
  2 bullfrogs
  A gnoll sergeant (D:6)
  A wyvern skeleton (D:7)
  2 scorpions
  3 howler monkeys
  3 crimson imps
  3 quasits
  A gnoll shaman (D:7)
  2 centaur zombies
  2 hounds
  2 orc priests
  A bullfrog skeleton (D:4)
  5 iguanas
  12 orc wizards
  Ijyb (D:5)
  3 worker ants
  A killer bee zombie (D:7)
  A worker ant zombie (D:6)
  13 gnolls
  12 adders
  2 shadow imps
  3 oozes
  An adder zombie (D:7)
  A worm (D:3)
  2 dart slugs
  A leopard gecko (D:1)
  36 orcs
  3 ball pythons (D:1)
  7 bats (D:1)
  2 giant cockroaches
  11 goblins
  9 hobgoblins
  5 jackals
  4 quokkas
  A ball python skeleton (D:5)
  7 frilled lizards
  9 kobolds
  3 rats
  2 fungi (D:3)
200 creatures vanquished.

Vanquished Creatures (others)
  A fungus (D:3)
1 creature vanquished.

Grand Total: 201 creatures vanquished

Notes
Turn   | Place    | Note
-------+----------+-------------------------------------------
     0 | D:1      | Kriby the Troll Monk began the quest for the Orb.
     0 | D:1      | Reached XP level 1. HP: 22/22 MP: 0/0
   158 | D:1      | Reached XP level 2. HP: 29/29 MP: 1/1
   590 | D:1      | Reached XP level 3. HP: 31/36 MP: 2/2
   611 | D:1      | Reached skill level 4 in Unarmed Combat
  1466 | D:3      | Found a blossoming altar of Fedhas.
  1487 | D:3      | Reached XP level 4. HP: 34/45 MP: 3/3
  2135 | D:3      | Found a glowing golden altar of the Shining One.
  2307 | D:4      | Reached XP level 5. HP: 53/53 MP: 4/4
  2331 | D:4      | Reached skill level 1 in Shields
  2331 | D:4      | Reached skill level 5 in Unarmed Combat
  2655 | D:4      | Reached XP level 6. HP: 58/61 MP: 5/5
  3051 | D:5      | Entered Level 5 of the Dungeon
  3052 | D:5      | Noticed a hand axe
  3057 | D:5      | Noticed a hand axe
  3058 | D:5      | Found a hide-covered altar of Uskayaw.
  3146 | D:5      | Noticed Ijyb
  3152 | D:5      | Killed Ijyb
  3228 | D:5      | Found a staircase to the Ecumenical Temple.
  3247 | Temple   | Entered the Ecumenical Temple
  3425 | Temple   | Became a worshipper of Ru the Awakened
  3432 | Temple   | Gained mutation: You cannot study or cast Fire magic. [Ru sacrifice]
  3432 | Temple   | Gained mutation: You cannot study or cast Transmutations magic. [Ru sacrifice]
  3432 | Temple   | Gained mutation: You cannot study or cast Summoning magic. [Ru sacrifice]
  3432 | Temple   | Reached * piety under Ru
  3443 | D:5      | Reached skill level 6 in Unarmed Combat
  3577 | D:5      | Noticed htuhola's ghost (novice OpVM)
  3580 | D:5      | Reached XP level 7. HP: 56/68 MP: 6/6
  3588 | D:5      | Killed htuhola's ghost
  3858 | D:5      | Found a sparkling altar of Nemelex Xobeh.
  4051 | D:6      | Reached skill level 7 in Unarmed Combat
  4057 | D:6      | Reached XP level 8. HP: 69/79 MP: 7/7
  4786 | D:7      | Reached skill level 5 in Shields
  4801 | D:7      | Found a basalt altar of Yredelemnul.
  4801 | D:7      | Found an iron altar of Okawaru.
  4857 | D:7      | Reached skill level 8 in Unarmed Combat
  4858 | D:7      | Reached skill level 5 in Fighting
  5027 | D:7      | Noticed a purple ugly thing
  5043 | D:7      | Killed a purple ugly thing
  5043 | D:7      | Reached XP level 9. HP: 34/88 MP: 8/8
  5229 | D:7      | Noticed a two-headed ogre
  5235 | D:7      | Killed a two-headed ogre
  5235 | D:7      | Reached skill level 9 in Unarmed Combat
  5673 | D:7      | Gained mutation: You cannot be stealthy. [Ru sacrifice]
  5994 | D:8      | Noticed Perturabo's ghost (novice FoFi)
  6019 | D:8      | Killed Perturabo's ghost
  6019 | D:8      | Reached skill level 10 in Unarmed Combat
  6019 | D:8      | Reached XP level 10. HP: 70/98 MP: 9/9
  6326 | D:8      | Noticed a two-headed ogre
  6334 | D:8      | Killed a two-headed ogre
  6744 | D:9      | Noticed a two-headed ogre
  6747 | D:9      | Noticed Kriby's ghost (novice TrMo)
  6760 | D:9      | Killed a two-headed ogre
  6766 | D:9      | Reached skill level 11 in Unarmed Combat
  6770 | D:9      | HP: 3/100 [Kriby's ghost (24)]
  6772 | D:9      | HP: 1/100 [Kriby's ghost (4)]
  6774 | D:9      | Demolished by Kriby's ghost

Vault maps used:
D:1:      nzn_arrival_settlement, moated_statue
D:2:      first_ration, kennysheep_generic_room_13
D:3:      fedhas_altar_3, tso_oasis_becter
D:4:      st_stairs_7
D:5:      cheibrodos_quashed, dancing_weapons_uskayaw,
          lemuel_coloured_pillars_altar, minmay_temple_entry_trees, uniq_ijyb
D:6:      hangedman_abyss_or_decor_stagger
D:7:      gammafunk_temple_overflow_wave
D:9:      hiddenorc1_lemuel, special_room
Temple:   regret_index_temple_sphere_string

Skill      XL: |  1  2  3  4  5  6  7  8  9 10 |
---------------+-------------------------------+-----
Unarmed Combat | 4 5 6 7 8 10 11 | 11.0
Fighting       | 3 4 5 6 |  6.7
Shields        | 1 2 4 5 7 8 |  8.3
Stealth        | 0 |  0.0
Dodging        | |  2.4

Action                   |  1- 3 |  4- 6 |  7- 9 | 10-12 || total
-------------------------+-------+-------+-------+-------++-------
Melee: Unarmed           |   115 |   198 |   268 |    94 ||   675
Invok: Sacrifice Arcana  |       |     1 |       |       ||     1
       Sacrifice Stealth |       |       |     1 |       ||     1
Evoke: Wand              |       |       |     4 |     3 ||     7
  Use: Potion            |       |       |     3 |     3 ||     6
 Stab: Sleeping          |     2 |     2 |       |       ||     4
       Distracted        |     1 |     1 |       |       ||     2
  Eat: Chunk             |    19 |    20 |    22 |     7 ||    68
Armor: Robe              |    35 |    54 |    59 |    33 ||   181
       Skin              |       |       |     3 |       ||     3
       Troll leather arm |       |       |       |     2 ||     2
Dodge: Dodged            |    16 |    22 |    45 |    18 ||   101
Block: Large shield      |    69 |    95 |   203 |    69 ||   436

Table legend:
 A = Spawn XP
 B = Non-spawn XP
 C = Spawn XP percentage of total XP
 D = Spawn monster count
 E = Non-spawn monster count
 F = Spawn count percentage of total count
 G = Total turns spent on level
                    A         B        C        D         E        F      G
               +---------+---------+-------+---------+---------+-------+---------
         Total |       0 |    9214 |   0.0 |       0 |     198 |   0.0 |  6774
               +---------+---------+-------+---------+---------+-------+---------
           D:1 |       0 |      65 |   0.0 |       0 |      31 |   0.0 |   883
           D:2 |       0 |      13 |   0.0 |       0 |       9 |   0.0 |   550
           D:3 |       0 |      79 |   0.0 |       0 |      22 |   0.0 |   832
           D:4 |       0 |     379 |   0.0 |       0 |      22 |   0.0 |   786
           D:5 |       0 |     671 |   0.0 |       0 |      16 |   0.0 |   645
           D:6 |       0 |     592 |   0.0 |       0 |      26 |   0.0 |   664
           D:7 |       0 |    2671 |   0.0 |       0 |      31 |   0.0 |  1113
           D:8 |       0 |    3424 |   0.0 |       0 |      35 |   0.0 |   986
           D:9 |       0 |    1320 |   0.0 |       0 |       6 |   0.0 |   122
               +---------+---------+-------+---------+---------+-------+---------
